AoeStats
← Crash234

Arena

511108619Analyzed
4v4 RM · 13d ago on Oct 3, 2026· 46m 29s· 8 players
Game mode
Random Map
Map size
Large (8 player)
Population
200
Speed
Normal
Resources
Standard
Victory
Conquest
Starting age
Dark Age
Ending age
Imperial Age
RankedLock teamsTeams togetherTeam positionsShared explorationLock speedFull tech treeHidden civsTurbo modeCheats
Victory
Defeat
🇪🇸 Huns · Spain
776
+14
🇪🇸 Vikings · Spain
764
+15
🇦🇷 Persians · Argentina
747
+15
🇦🇷 Cumans · Argentina
735
+16
vs
🇷🇺 Muisca · Russia
771
-17
🇷🇺 Britons · Russia
757
-16
🇷🇺 Khmer · Russia
755
-16
🇯🇵 Saxons · Japan
644
-11
DOLAR2305
2:24 Loom
13:45 Feudal Age
15:56 Wheelbarrow
15:16 Double-Bit Axe
15:21 Horse Collar
15:36 Gold Mining
15:42 Stone Mining
22:16 Castle Age
20:55 Forging
21:06 Scale Barding Armor
23:50 Hand Cart
23:51 Bow Saw
25:35 Heavy Plow
25:54 Bloodlines
25:45 Husbandry
27:33 Marauders
28:16 Iron Casting
28:02 Chain Barding Armor
35:21 Imperial Age
37:02 Cavalier
38:46 Blast Furnace
38:21 Plate Barding Armor
38:29 Squires
38:14 Arson
37:52 Man-at-Arms
38:54 Paladin
39:50 Scale Mail Armor
44:35 Gold Shaft Mining
44:52 Conscription
Hachita Ludueña
5:32 Loom
11:02 Feudal Age
17:51 Double-Bit Axe
22:50 Castle Age
20:56 Fletching
21:12 Padded Archer Armor
21:12 Gold Mining
21:15 Horse Collar
26:12 Wheelbarrow
26:35 Capped Ram
27:45 Bow Saw
31:16 Steppe Husbandry
34:15 Imperial Age
33:09 Bodkin Arrow
33:53 Hand Cart
34:09 Ballistics
36:27 Chemistry
35:53 Leather Archer Armor
36:51 Onager
42:38 Siege Onager
47:08 Two-Man Saw
FalteringHarpy5
8:05 Loom
10:26 Feudal Age
16:55 Castle Age
15:38 Double-Bit Axe
15:36 Horse Collar
17:03 Gold Mining
17:06 Stone Mining
22:26 Bow Saw
24:33 Gold Shaft Mining
24:02 Heavy Plow
24:38 Padded Archer Armor
25:30 Town Watch
25:38 Treadmill Crane
26:09 Masonry
26:21 Ballistics
27:18 Fortified Wall
31:55 Imperial Age
30:28 Elite Skirmisher
31:39 Town Patrol
31:57 Leather Archer Armor
31:33 Fletching
31:46 Caravan
33:11 Conscription
33:23 Scale Mail Armor
33:34 Forging
34:05 Arrowslits
35:22 Chemistry
34:33 Arson
34:35 Elite Berserk
34:45 Capped Ram
36:20 Ring Archer Armor
35:45 Bodkin Arrow
39:50 Chieftains
39:53 Siege Ram
43:26 Two-Man Saw
42:43 Chain Mail Armor
43:03 Iron Casting
42:25 Bodkin Arrow
42:28 Pikeman
44:28 Squires
47:02 Blast Furnace
46:33 Plate Mail Armor
gonzalezf.juancho
1:03 Loom
11:09 Feudal Age
15:37 Castle Age
14:37 Horse Collar
15:03 Double-Bit Axe
18:31 Wheelbarrow
17:43 Town Watch
20:53 Fervor
20:36 Gold Mining
23:57 Scale Barding Armor
23:53 Scale Mail Armor
27:14 Hand Cart
26:59 Town Patrol
27:16 Forging
26:56 Fletching
27:46 Heavy Plow
28:00 Bow Saw
29:06 Iron Casting
28:27 Bodkin Arrow
28:53 Chain Barding Armor
28:53 Chain Mail Armor
33:55 Imperial Age
31:47 Padded Archer Armor
32:10 Husbandry
32:20 Bloodlines
33:29 Leather Archer Armor
33:36 Ballistics
33:20 Kamandaran
35:14 Chemistry
33:41 Cavalier
34:45 Conscription
34:37 Citadels
34:05 Crossbowman
36:24 Crop Rotation
36:56 Two-Man Saw
36:38 Gold Shaft Mining
35:54 Stone Mining
38:13 Plate Barding Armor
39:22 Hoardings
39:24 Plate Mail Armor
39:54 Blast Furnace
39:36 Savar
Crash234
3:46 Loom
12:53 Feudal Age
14:41 Double-Bit Axe
20:35 Castle Age
18:32 Horse Collar
22:05 Wheelbarrow
21:45 Bow Saw
23:18 Heavy Plow
25:23 Gold Mining
26:12 Hand Cart
31:09 Imperial Age
29:09 Forging
31:47 Scale Barding Armor
32:35 Elite Battle Elephant
35:10 Town Watch
36:27 Caravan
38:21 Iron Casting
39:29 Chain Barding Armor
41:41 Blast Furnace
41:17 Plate Barding Armor
41:09 Tusk Swords
43:59 Conscription
l-l-server-l-l
11:47 Feudal Age
14:37 Town Watch
17:15 Castle Age
17:31 Double-Bit Axe
17:40 Gold Mining
17:40 Stone Mining
17:32 Horse Collar
18:38 Bow Saw
18:33 Heavy Plow
19:42 Fletching
22:23 Wheelbarrow
21:49 Town Patrol
21:55 Town Patrol
26:48 Wheelbarrow
27:01 Gold Shaft Mining
28:22 Hand Cart
33:05 Imperial Age
31:07 Ballistics
30:46 Bodkin Arrow
30:51 Padded Archer Armor
32:29 Caravan
32:46 Treadmill Crane
33:24 Leather Archer Armor
33:29 Fortified Wall
35:25 Conscription
36:44 Chemistry
35:49 Bracer
37:27 Ring Archer Armor
40:05 Elite Longbowman
44:03 Yeomen
Konata Izumi
11:18 Feudal Age
11:59 Horse Collar
12:08 Double-Bit Axe
17:08 Castle Age
17:41 Wheelbarrow
17:25 Stone Mining
17:28 Gold Mining
18:49 Scale Mail Armor
18:54 Padded Archer Armor
21:03 Bow Saw
21:20 Heavy Plow
22:55 Stone Shaft Mining
21:48 Elite Skirmisher
24:52 Champi Runner
25:55 Fletching
29:59 Pikeman
33:08 Chain Mail Armor
34:03 Bodkin Arrow
35:09 Leather Archer Armor
38:27 Imperial Age
39:06 Squires
39:31 Forging
39:36 Champi Warrior
teban0721
0:48 Loom
11:19 Feudal Age
15:22 Castle Age
13:10 Horse Collar
13:16 Double-Bit Axe
16:32 Bow Saw
18:58 Wheelbarrow
18:19 Town Watch
21:19 Hand Cart
22:39 Gold Mining
24:51 Gold Shaft Mining
28:26 Imperial Age
25:54 Fletching
26:11 Scale Barding Armor
26:07 Scale Mail Armor
26:07 Padded Archer Armor
26:18 Forging
26:11 Stone Mining
28:29 Bodkin Arrow
28:56 Chain Barding Armor
27:57 Pikeman
29:16 Halberdier
29:51 Crossbowman
30:38 Bracer
31:41 Chemistry
33:38 Iron Casting
33:21 Chain Mail Armor
33:42 Bloodlines
33:32 Husbandry
32:55 Arbalester
34:50 Plate Mail Armor
35:56 Heavy Plow
36:13 Leather Archer Armor
36:16 Squires
Connection lost

Rejoining the realm…

Still unreachable

The connection could not be restored.

Session expired

The server has moved on; the page needs a fresh start.